 Dungeon Crawl Stone Soup version 0.28.0-43-g3370ac3207 (webtiles) character file.

Game seed: 809641140156290581

279 Descartes the Covert (level 6, 0/28 HPs)
             Began as a Felid Delver on Mar 8, 2022.
             Slain by Blork the orc
             ... wielding a +2 scimitar of flaming
              (3 damage)
             ... on level 6 of the Dungeon.
             The game lasted 00:11:16 (4372 turns).

Descartes the Covert (Felid Delver)                 Turns: 4372, Time: 00:11:18

Health: 0/28       AC:  2    Str: 10    XL:     6   Next: 5%
Magic:  7/7        EV: 21    Int: 12    God:
Gold:   167        SH:  0    Dex: 17    Spells: 5/5 levels left
                                        Lives:  0   Deaths: 2

rFire   . . .      SeeInvis +     - Unarmed
rCold   . . .      Faith    .   (shield unavailable)
rNeg    . . .      Spirit   .   (armour unavailable)
rPois   .          Reflect  .   (helmet unavailable)
rElec   .          Harm     .   (cloak unavailable)
rCorr   +          Rampage  .   (gloves unavailable)
Will    .....                   (boots unavailable)
Stlth   +++++.....              o - amulet of regeneration
HPRegen 0.89/turn               g - ring of resist corrosion
MPRegen 0.10/turn               (no ring)

@: quick
A: very small, claws 1, fangs 3, see invisible, speed 1, shaggy fur 2, stealthy
paws, no weapons or thrown items, no armour, multi-lived
a: no special abilities


You were on level 6 of the Dungeon.
You visited 1 branch of the dungeon, and saw 6 of its levels.

You collected 167 gold pieces.

Inventory:

Jewellery
 g - a ring of resist corrosion (left paw)
 k - a +6 ring of dexterity
 o - an amulet of regeneration (around neck)
 q - an amulet of faith
Wands
 e - a wand of digging (3)
 j - a wand of acid (8)
 t - a wand of flame (31)
Scrolls
 a - 3 scrolls of fog
 b - a scroll of magic mapping
 c - 2 scrolls of fear
 f - 3 scrolls of torment
 l - 3 scrolls of teleportation {unknown}
 n - a scroll of brand weapon {unknown}
 p - 2 scrolls of blinking {unknown}
Potions
 d - 2 potions of haste
 h - a potion of berserk rage {unknown}
 i - 2 potions of brilliance
 m - a potion of flight
 r - a potion of degeneration {unknown}
 s - a potion of heal wounds {unknown}


   Skills:
 - Level 3.0 Fighting
 + Level 6.6 Dodging
 + Level 10.9 Stealth
 + Level 3.2 Unarmed Combat
 + Level 3.3 Translocations
 + Level 2.4 Transmutations


You had 5 spell levels left.
You didn't know any spells.
Your spell library was empty.

Dungeon Overview and Level Annotations

Branches:
Dungeon (6/15)
 Temple: D:4-7

Altars:
Kikubaaqudgha
Nemelex Xobeh
Vehumet
Xom
Yredelemnul

Shops:
D:4 !

Annotations:
D:4 3 runed translucent doors, Zero0's ghost, amateur HOFi
D:6 Blork the orc


Innate Abilities, Weirdness & Mutations

You have sharp claws.
You have razor-sharp teeth.
You have supernaturally acute eyesight. (SInv)
You cover ground quickly. (Speed+)
You are covered in thick fur. (AC +2)
Your paws help you pounce on unaware monsters.
You are incapable of wielding weapons or throwing items.
You cannot wear armour.
You gain extra lives every three experience levels.


Message History

You scratch the orc but do no damage.
The orc is heavily wounded.
The orc hits you with a +0 club.
You scratch the orc but do no damage.
The orc is heavily wounded.
The orc hits you but does no damage.
You scratch the orc.
You kill the orc!
No target in view!
No target in view!
No target in view!
No target in view!
No target in view!
No target in view!
No target in view!
No target in view!
No target in view!
No target in view!
Things that are here:
a +0 club; a +0 ring mail; an orc corpse You see here 24 sling bullets.
You see here a +0 robe.
You see here a +0 short sword.
t - a wand of flame (31)
You see here a +0 short sword.
Done exploring.
Done exploring.
There is a stone staircase leading down here.
You climb downwards.
There is a stone staircase leading up here.
Blork the orc shouts!
Blork the orc casts a spell at you. The puff of frost hits you!
You scratch Blork the orc. You bite Blork the orc.
Blork the orc is moderately wounded.
Blork the orc hits you with a +2 scimitar of flaming!
Ouch! That really hurt!
* * * LOW HITPOINT WARNING * * *
Blork the orc burns you.
You die... ## .# .# #. #.####### #.<..@o.# #.######.# .. # ##

You could see Blork the orc.

Vanquished Creatures
  Sigmund (D:3)
  Eustachio (D:5)
  An ogre (D:5)
  A water moccasin skeleton (D:4)
  An orc priest (D:5)
  A hound (D:4)
  4 iguanas
  Ijyb (D:4)
  A scorpion zombie (D:3)
  An orc wizard (D:5)
  5 gnolls
  9 adders
  An ufetubus (D:4)
  A worm (D:4)
  2 dart slugs
  5 orcs
  2 bats (D:2)
  10 endoplasms
  4 giant cockroaches
  4 hobgoblins
  4 quokkas
  15 ball pythons
  3 frilled lizards
  4 goblins
  7 kobolds
  4 rats
93 creatures vanquished.

Notes
Turn   | Place    | Note
-------+----------+-------------------------------------------
     0 | D:5      | Descartes the Felid Delver began the quest for the Orb.
     0 | D:5      | Reached XP level 1. HP: 10/10 MP: 2/2
    10 | D:5      | Reached skill level 7 in Stealth
    10 | D:5      | Reached XP level 2. HP: 14/14 MP: 3/3
   316 | D:4      | Reached skill level 8 in Stealth
   316 | D:4      | Reached XP level 3. HP: 17/17 MP: 4/4
   329 | D:4      | Noticed Ijyb
   357 | D:4      | Found a runed translucent gate.
   357 | D:4      | Found a runed translucent gate.
   403 | D:4      | Found Xevisexit's Distillery.
   591 | D:3      | Reached XP level 4. HP: 21/21 MP: 5/5
   621 | D:3      | Found an ancient bone altar of Kikubaaqudgha.
   624 | D:3      | Found a shimmering altar of Xom.
   645 | D:3      | Noticed Sigmund
   661 | D:3      | Killed Sigmund
   662 | D:3      | Reached skill level 9 in Stealth
   662 | D:3      | Reached XP level 5. HP: 20/24 MP: 6/6
   725 | D:3      | Found a basalt altar of Yredelemnul.
  1566 | D:1      | Reached skill level 5 in Dodging
  1566 | D:1      | Gained mutation: You are covered in thick fur. (AC +2)
                  | [Felid growth]
  1566 | D:1      | Reached XP level 6. HP: 28/28 MP: 7/7
  1575 | D:1      | Found a faded altar of an unknown god.
  2352 | D:2      | Reached skill level 10 in Stealth
  2500 | D:2      | Found a radiant altar of Vehumet.
  3122 | D:3      | Found a sparkling altar of Nemelex Xobeh.
  3447 | D:4      | Reached skill level 1 in Translocations
  3513 | D:4      | Reached skill level 1 in Transmutations
  3546 | D:4      | Killed Ijyb
  3604 | D:4      | Found a runed translucent gate.
  3607 | D:4      | Reached XP level 7. HP: 31/31 MP: 8/8
  3607 | D:4      | Noticed Zero0's ghost (amateur HOFi)
  3919 | D:5      | Noticed Eustachio
  3927 | D:5      | Killed Eustachio
  3983 | D:5      | Identified the +6 flail "Pivvobah" {venom, Str+2}
  3998 | D:5      | Slain by an orc priest
  3999 | D:5      | Reached XP level 6. HP: 0/28 MP: 7/7
  4011 | D:5      | Killed from afar by an orc priest
  4012 | D:5      | Reached XP level 5. HP: 0/24 MP: 6/6
  4257 | D:5      | Reached XP level 6. HP: 16/28 MP: 7/7
  4368 | D:6      | Noticed Blork the orc
  4372 | D:6      | Slain by Blork the orc

Illustrated notes

Levels and vault maps discovered:
D:1:      dpeg_arrival_signposts, layout_basic,
          hellmonk_ecumenical_altar_slurped_away
D:2:      layout_loops_corners, basic_altar
D:3:      layout_rooms, mainiacjoe_overflow_concentric_impassable,
          nicolae_overflow_crystal_walls, nicolae_overflow_squiral,
          serial_rivers, chequers_serial_rivers_marsh,
          chequers_serial_rivers_room_b, chequers_serial_rivers_large_a,
          chequers_serial_rivers_micro_e, saegor_snake_ambush, uniq_sigmund
D:4:      layout_basic, gammafunk_ghost_necromancy, serial_shops,
          nicolae_shop_advertising_works [nicolae_subvault_shop_adworks],
          uniq_ijyb
D:5:      layout_loops_ring, uniq_eustachio
D:6:      minmay_polygon_palace, layout_loops_corners, kennysheep_slug_shrine,
          temple_green, serial_shops, nicolae_square_shop, solitary_fountain,
          uniq_blork_the_orc, uniq_grinder

Skill      XL: |  1  2  3  4  5  6  7 |
---------------+----------------------+-----
Stealth        | 7 8 9 10 | 10.9
Dodging        | 4 5 6 |  6.6
Translocations | 1 3 |  3.3
Transmutations | 1 2 |  2.4
Unarmed Combat | 3 |  3.2
Fighting       | |  3.0

Action                   |  1- 3 |  4- 6 |  7- 9 || total
-------------------------+-------+-------+-------++-------
Melee: Unarmed           |    24 |   245 |    37 ||   306
       Bite              |     2 |    25 |     5 ||    32
       Punch             |     1 |     5 |     1 ||     7
  Use: Potion            |       |     3 |     1 ||     4
       Scroll            |       |     4 |       ||     4
 Stab: Sleeping          |     6 |    31 |     4 ||    41
       Distracted        |     1 |       |       ||     1
       Invisible         |       |     1 |       ||     1
Armor: Skin              |     1 |     9 |       ||    10
Dodge: Dodged            |    15 |   173 |    37 ||   225
